 Dungeon Crawl Stone Soup version 0.25-a0-670-g50981ef (webtiles) character file.

Game seed: 7639722278859409963, levelgen mode: deterministic

55593 Charmandara the Archer (level 14, -3/74 HPs)
             Began as a Deep Elf Ice Elementalist on Mar 30, 2020.
             Was the Champion of Fedhas.
             Slain by a frost giant
             ... wielding a +2 battleaxe of freezing
              (25 damage)
             ... in an ice cave.
             The game lasted 01:37:28 (24353 turns).

Charmandara the Archer (Deep Elf Ice Elementalist) Turns: 24353, Time: 01:37:28

Health: -3/74      AC: 12    Str:  6    XL:     14   Next: 38%
Magic:  1/29       EV: 17    Int: 25    God:    Fedhas [******]
Gold:   528        SH:  0    Dex: 26    Spells: 5/32 levels left

rFire    . . .     SeeInvis .   a - +5 scythe "Finisher" {speed, eviscerate}
rCold    . . .     Gourm    .   (shield currently unavailable)
rNeg     . . .     Faith    +   o - +4 troll leather armour "Byzoneas" {MR+ Regen+ rCorr Int+4 Dex+6, regen}
rPois    +         Spirit   .   (no helmet)
rElec    .         Reflect  .   E - +0 cloak
rCorr    +         Harm     .   r - +0 pair of gloves
MR       ++...                  n - +1 pair of boots
Stlth    +++++.....             x - amulet of faith {Faith, !P}
HPRegen  0.62/turn              y - ring "Rustrirgh" {rPois rCorr Int-4 Dex+5}
MPRegen  0.21/turn              (no ring)

@: frozen ramparts
A: no striking features
a: Wall of Briars, Grow Ballistomycete, Overgrow, Grow Oklob, Renounce Religion


You were in an ice cave.
You worshipped Fedhas.
Fedhas was exalted by your worship.
You were not hungry.

You visited 3 branches of the dungeon, and saw 19 of its levels.
You also visited: Ice Cave.

You collected 1906 gold pieces.
You spent 1378 gold pieces at shops.

Inventory:

Hand Weapons
 a - the +5 scythe "Finisher" (weapon) {speed, eviscerate}
   (You found it on level 7 of the Dungeon)

   Attacks with this weapon are significantly faster.
 b - a +1 vorpal shortbow
   (You found it on level 2 of the Lair of Beasts)
 L - a cursed -3 short sword
   (You found it on level 4 of the Lair of Beasts)
Missiles
 f - 150 arrows
 I - 2 curare-tipped darts
Armour
 m - the +4 robe "Qemnov" {rPois Dex+4}
   (You found it in an ice cave)

   It affects your dexterity (+4).
   It protects you from poison.
 n - a +1 pair of boots (worn)
   (You found it on level 2 of the Dungeon)
 o - the +4 troll leather armour "Byzoneas" (worn) {MR+ Regen+ rCorr Int+4 Dex+6, regen}
   (You bought it in a shop on level 6 of the Dungeon)

   It affects your intelligence (+4).
   It affects your dexterity (+6).
   It affects your resistance to hostile enchantments.
   It increases your rate of regeneration.
   It provides partial protection from all sources of acid and corrosion.
 r - a +0 pair of gloves (worn)
   (You found it on level 3 of the Dungeon)
 E - a +0 cloak (worn)
   (You found it on level 6 of the Lair of Beasts)
Jewellery
 e - an uncursed amulet of guardian spirit {unknown}
   (You found it on level 1 of the Lair of Beasts)
 i - an uncursed amulet of regeneration {unknown}
   (You found it on level 10 of the Dungeon)
 l - an uncursed ring of poison resistance {rPois, !d}
   (You found it on level 5 of the Lair of Beasts)
 q - a cursed amulet of magic regeneration {unknown}
   (You found it on level 2 of the Lair of Beasts)
 x - an amulet of faith (around neck) {Faith, !P}
   (You found it on level 5 of the Dungeon)
 y - the ring "Rustrirgh" (left hand) {rPois rCorr Int-4 Dex+5}
   (You found it on level 4 of the Dungeon)

   [ring of resist corrosion]

   It affects your intelligence (-4).
   It affects your dexterity (+5).
   It protects you from poison.
   It provides partial protection from all sources of acid and corrosion.
 M - a +3 ring of evasion
   (You found it on level 4 of the Lair of Beasts)
 T - the ring of Perfectionism {*Tele *Contam rF+ rN+++ Dex+4}
   (You found it in an ice cave)

   [ring of teleportation]

   It may teleport you next to monsters.
   It affects your dexterity (+4).
   It protects you from fire.
   It renders you almost immune to negative energy.
   It causes magical contamination when unequipped.
Wands
 u - a wand of polymorph (10)
   (You found it on level 5 of the Dungeon)
 v - a wand of disintegration (5)
   (You found it on level 5 of the Dungeon)
 z - a wand of flame (39)
   (You found it on level 6 of the Dungeon)
 C - a wand of acid (10)
   (You found it on level 6 of the Lair of Beasts)
 D - a wand of digging (5)
   (You found it on level 8 of the Dungeon)
 F - a wand of iceblast (27)
   (You found it on level 9 of the Dungeon)
 G - a wand of enslavement (3)
   (You took it off Erolcha on level 2 of the Orcish Mines)
 O - a wand of scattershot (4)
   (You found it on level 4 of the Lair of Beasts)
 S - a wand of paralysis (5)
   (You found it in an ice cave)
Scrolls
 d - 5 scrolls of remove curse
 h - 2 scrolls of amnesia
 j - 2 scrolls of magic mapping {!r}
 k - a scroll of enchant armour
 s - 5 scrolls of fear
 w - a scroll of fog
 H - 4 scrolls of teleportation
 J - a scroll of immolation {!r}
Potions
 g - 3 potions of curing
 p - 3 potions of degeneration {!q}
 A - a potion of mutation {!q}
 K - 3 potions of flight
 N - a potion of ambrosia {unknown}
 P - 2 potions of might
 Q - a potion of invisibility {unknown}
 R - a potion of magic {unknown}
Comestibles
 c - 30 rations
 t - 20 chunks of flesh {@w0}


   Skills:
 - Level 3.0 Fighting
 - Level 14.0 Bows
 - Level 6.4 Dodging
 - Level 9.0 Stealth
 + Level 9.6 Spellcasting
 - Level 6.0 Conjurations
 - Level 3.7 Charms
 - Level 4.2 Summonings
 - Level 1.0 Translocations
 + Level 11.7 Ice Magic
 - Level 6.0 Air Magic
 - Level 1.0 Poison Magic
 - Level 13.5 Invocations


You had 5 spell levels left.
You knew the following spells:

 Your Spells              Type           Power        Failure   Level  Hunger
a - Freeze                Ice            ####         1%          1    None
b - Freezing Cloud        Conj/Ice/Air   ######....   43%         6    ######.
c - Blink                 Tloc           N/A          8%          2    None
g - Apportation           Tloc           ###...       5%          1    None
h - Hailstorm             Conj/Ice       ######..     1%          4    #......
i - Summon Ice Beast      Ice/Summ       ######..     3%          4    #......
x - Mephitic Cloud        Conj/Pois/Air  ####....     4%          3    None
z - Frozen Ramparts       Ice            ######       1%          3    None
A - Ozocubu's Armour      Chrm/Ice       ######..     1%          3    None

Your spell library contained the following spells:

 Spells                   Type           Power        Failure   Level  Hunger
 Magic Dart               Conj           ####         1%          1    None
 Summon Small Mammal      Summ           ####         1%          1    None
 Searing Ray              Conj           #####.       1%          2    None
 Poisonous Vapours        Pois/Air       ####..       2%          2    None
 Corpse Rot               Necr/Air       N/A          3%          2    None
 Shroud of Golubria       Chrm/Tloc      ###...       4%          2    None
 Conjure Flame            Conj/Fire      ####....     7%          3    None
 Dazzling Flash           Conj/Hex       ####..       7%          3    None
 Animate Skeleton         Necr           N/A          9%          1    None
 Corona                   Hex            ##.....      9%          1    None
 Pain                     Necr           ##..         9%          1    None
 Sublimation of Blood     Necr           ##........   12%         2    None
 Gell's Gravitas          Tloc           ###.......   16%         3    None
 Lesser Beckoning         Tloc           ###.......   16%         3    None
 Teleport Other           Tloc           ###.....     16%         3    None
 Iskenderun's Mystic Bla  Conj/Tloc      ####....     19%         4    #......
 Fulminant Prism          Conj/Hex       ####......   22%         4    #......
 Vampiric Draining        Necr           ##........   24%         3    None
 Passage of Golubria      Tloc           N/A          45%         4    #......
 Silence                  Hex/Air        ####......   54%         5    ####...
 Animate Dead             Necr           N/A          63%         4    #......
 Cause Fear               Hex            ##........   63%         4    #......
 Dispel Undead            Necr           ##......     63%         4    #......
 Excruciating Wounds      Chrm/Necr      ###.......   71%         5    ####...
 Agony                    Necr           ##......     92%         5    ####...
 Yara's Violent Unravell  Hex/Tmut       ##........   92%         5    ####...
 Deflect Missiles         Chrm/Air       #####.....   86%         6    ######.
 Ring of Flames           Chrm/Fire      ###.......   100%        7    #######
 Discord                  Hex            ##........   100%        8    #######


Dungeon Overview and Level Annotations

Branches:
Dungeon (11/15)            Temple (0/1) D:6            Lair (6/6) D:9
  Swamp (0/4) Lair:2       Spider (0/4) Lair:2        Slime (0/5) Lair:6
    Orc (2/2) D:9             Elf (0/3) Orc:2         IceCv (1/1)

Altars:
Cheibriados
Elyvilon
Fedhas
Qazlal
Wu Jian
Xom
Beogh

Shops:
D:4 ?   D:6 [(![   D:8 (   D:10 [   Orc:2 (=*:

Annotations:
D:8 1 runed translucent door
Lair:4 1 runed translucent door, Cucw's ghost, journeyman VSNe


Message History

The polar bear partially resists.
The iceblast engulfs the polar bear!
The polar bear partially resists.
The polar bear is engulfed in noxious fumes.
The polar bear appears confused.
The polar bear is engulfed in noxious fumes.
The polar bear appears confused.
The polar bear is engulfed in noxious fumes.
The polar bear appears confused.
Unknown command.
Unknown command.
Unknown command.
Okay, then.
Okay, then.
Okay, then.
A chill wind blows around you.
The frozen ramparts melt away.
The polar bear bites the polar bear.
The polar bear is killed!
Fedhas accepts your kill.
You now have 9/29 mp.
Unknown command.
You don't know that spell.
Unknown command.
The walls around you are covered in ice.
Something hits the polar bear!!
Something freezes the polar bear.
The polar bear resists.
The wall freezes the polar bear.
You now have 7/29 mp.
Unknown command.
A chill wind blows around you.
The polar bear resists.
The wall freezes the polar bear.
The polar bear closely misses your ice beast.
The polar bear misses your ice beast.
The polar bear claws your ice beast but does no damage.
Fedhas accepts your kill.
You feel a bit more experienced. Something hits your ice beast!!
You now have 3/29 mp.
Unknown command.
You catch the helpless polar bear completely off-guard!
You slash the polar bear!
You kill the polar bear!
Fedhas accepts your kill. What are your orders? t - Shout!
Orders for allies: a - Attack new target. r - Retreat! s - Stop attacking. g - Guard the area. f - Follow me.
Anything else - Cancel.
You shout for attention!
You swap places.
The frost giant resists.
The wall freezes the frost giant.
The frost giant points at you and mumbles some strange words.
The bolt of cold hits you!!!
Ouch! That really hurt!
* * * LOW HITPOINT WARNING * * *
You see here a polar bear corpse.
You take 40 damage, and have 12/74 hp.
MASSIVE DAMAGE!!
You feel better.
Your ice beast hits the frost giant.
Your ice beast freezes the frost giant.
The frost giant resists.
You regained 6 hp, and now have 19/74 hp.
The frozen ramparts melt away.
Your ice beast completely misses the frost giant.
The frost giant hits your ice beast with a +2 battleaxe of freezing!
The frost giant barely misses your ice beast.
Your ice beast hits the frost giant but does no damage.
You see here a polar bear skeleton.
Okay, then.
Okay, then.
Aim: an ice beast (moderately wounded, friendly, summoned)
The ball explodes into a vile cloud!
The stinking cloud engulfs your ice beast but does no damage.
The stinking cloud engulfs the frost giant but does no damage.
The stinking cloud engulfs your ice beast but does no damage.
Your ice beast hits the frost giant but does no damage.
Your ice beast barely misses the frost giant.
The frost giant is engulfed in noxious fumes.
The frost giant appears confused.
The frost giant barely misses your ice beast.
The frost giant hits your ice beast with a +2 battleaxe of freezing!!
Your ice beast is killed!
Unknown command.
You now have 3/29 mp.
Unknown command.
Unknown command.
Your ice beast hits the frost giant.
Your ice beast freezes the frost giant.
The frost giant resists.
Attack whom?
Aim: a frost giant, wielding a +2 battleaxe of freezing (noxious fumes, moderately wounded, confused)
You could not reach far enough!
The frost giant is engulfed in noxious fumes.
The frost giant appears confused.
The frost giant hits your ice beast with a +2 battleaxe of freezing!!!
Your ice beast is killed!
The walls around you are covered in ice.
The frost giant is engulfed in noxious fumes.
The frost giant completely resists.
The wall freezes the frost giant but do no damage.
The frost giant is engulfed in noxious fumes.
The frost giant resists.
The wall freezes the frost giant.
The frost giant hits you with a +2 battleaxe of freezing!!
You die...
Fedhas appreciates your contribution to the ecosystem.

#≈≈#≈≈≈≈≈#
##≈≈≈≈≈≈≈≈
##≈≈≈≈≈≈≈≈≈
#.#≈≈≈≈≈≈≈
##.##≈≈≈≈≈# #.##
≈≈≈≈≈### #.##
≈#≈≈##○## #.÷#
##≈##°C○#
#÷.###.≈..@#..C#
#÷..#.#.#÷###.†.#
#...#..##.#
......
##..###..## .....
##..###.# .....
##.##.## ....
#..##.# ....
##.##.##
##..##.##


You could see a frost giant (confused).

Vanquished Creatures
  Erolcha (Orc:2)
  3 hydras
  A queen ant (Lair:3)
  A two-headed ogre (D:10)
  An anaconda (Lair:6)
  3 death yaks (Lair:4)
  Urug (D:10)
  5 orc high priests
  An unseen horror (D:10)
  An orc knight (Orc:2)
  An ugly thing (D:11)
  3 orc sorcerers
  An ice statue (IceCv)
  3 black mambas
  2 centaur zombies
  2 spiny frogs
  3 komodo dragons
  2 trolls
  3 hornets (Lair:6)
  20 polar bears
  Prince Ribbit (D:7)
  6 blink frogs
  A dream sheep (Lair:6)
  7 hippogriffs
  13 spriggans (Lair:6)
  Sigmund (D:3)
  35 yaks
  A human (D:7)
  A wyvern (Lair:5)
  5 wraiths (D:7)
  3 hogs (D:7)
  2 basilisks
  A swamp worm (Lair:2)
  A warg (Orc:2)
  18 soldier ants (Lair:3)
  11 water moccasins
  6 porcupines
  2 sky beasts (D:8)
  15 orc warriors
  2 phantoms
  A black bear (Lair:6)
  9 ogres
  A necrophage (D:8)
  5 centaurs
  48 wolves
  3 boggarts (Lair:6)
  10 crocodiles
  3 big kobolds (D:7)
  19 bullfrogs
  Dowan (D:7)
  6 scorpions
  A water moccasin skeleton (D:5)
  12 killer bees
  3 howler monkeys (D:9)
  3 electric eels (Lair:3)
  4 crimson imps
  A quasit (D:10)
  2 jellies
  32 orc priests
  6 hounds
  A bullfrog skeleton (D:4)
  A gnoll shaman (D:6)
  8 iguanas
  26 worker ants
  24 orc wizards
  A hound skeleton (D:11)
  A howler monkey zombie (D:10)
  A worker ant zombie (D:8)
  9 gnolls
  3 river rats (Lair:6)
  7 adders
  5 shadow imps
  An ooze (D:1)
  2 adder zombies
  8 worms
  2 adder skeletons (D:4)
  3 dart slugs (D:1)
  5 leopard geckos
  90 orcs
  8 giant cockroaches
  5 goblins
  7 hobgoblins
  8 jackals
  9 kobolds
  8 quokkas
  2 ball pythons
  6 bats
  7 frilled lizards
  A leopard gecko skeleton (D:5)
  13 rats
632 creatures vanquished.

Vanquished Creatures (collateral kills)
  Fannar (Lair:2)
  3 hydras
  A two-headed ogre (D:6)
  2 death yaks (Lair:4)
  2 black mambas (Lair:6)
  3 spiny frogs
  Maggie (Lair:1)
  A rime drake (Lair:4)
  A troll (Orc:1)
  A polar bear (IceCv)
  2 hornets (Lair:6)
  2 hippogriffs
  7 blink frogs
  A wraith (D:7)
  5 yaks
  A hog (D:7)
  2 wargs (Orc:2)
  2 soldier ants (Lair:3)
  A swamp worm (Lair:2)
  A water moccasin (Lair:5)
  12 orc warriors
  Duvessa (D:7)
  An ogre (Orc:1)
  An eye of draining (D:8)
  A phantom (D:6)
  4 wolves
  2 crocodiles
  A bullfrog (Lair:2)
  A jelly (D:9)
  13 orc priests
  5 worker ants (Lair:3)
  3 hell rats (Lair:6)
  3 orc wizards
  2 gnolls (D:9)
  6 river rats (Lair:6)
  A shadow imp (D:9)
  2 oozes (Lair:6)
  10 orcs
  A leopard gecko zombie (D:6)
  A rat (Lair:6)
  30 ballistomycete spores
141 creatures vanquished.

Vanquished Creatures (others)
  An oklob plant (Lair:4)
  4 polar bears
  3 yaks
  A wolf (IceCv)
  A gnoll (D:9)
  2 ballistomycete spores (Lair:6)
  18 fungi
  2 plants (Lair:6)
32 creatures vanquished.

Grand Total: 805 creatures vanquished

Notes
Turn   | Place    | Note
-------+----------+-------------------------------------------
     0 | D:1      | Charmandara the Deep Elf Ice Elementalist began the quest
                  | for the Orb.
     0 | D:1      | Reached XP level 1. HP: 10/10 MP: 6/6
   108 | D:1      | HP: 2/10 [ooze (1)]
   110 | D:1      | Reached skill level 5 in Ice Magic
   110 | D:1      | Reached XP level 2. HP: 3/15 MP: 0/8
   247 | D:1      | HP: 3/15 [dart slug/slug dart (6)]
   644 | D:1      | Reached XP level 3. HP: 19/19 MP: 7/9
  1385 | D:2      | Reached XP level 4. HP: 24/24 MP: 7/11
  1512 | D:2      | Learned a level 3 spell: Frozen Ramparts
  1517 | D:2      | Learned a level 4 spell: Summon Ice Beast
  1560 | D:2      | Found a white marble altar of Elyvilon.
  1693 | D:2      | Found a stormy altar of Qazlal.
  1695 | D:2      | Noticed an earth elemental
  1695 | D:2      | Noticed an air elemental
  1696 | D:2      | Noticed a fire elemental
  1696 | D:2      | Noticed a water elemental
  1794 | D:3      | Found a blossoming altar of Fedhas.
  1799 | D:3      | Reached skill level 6 in Ice Magic
  1807 | D:3      | Became a worshipper of Fedhas Madash
  1838 | D:3      | Reached skill level 4 in Spellcasting
  1841 | D:3      | Reached XP level 5. HP: 9/28 MP: 4/13
  2047 | D:3      | Noticed Sigmund
  2059 | D:3      | Killed Sigmund
  2059 | D:3      | Reached skill level 5 in Spellcasting
  2059 | D:3      | Reached skill level 7 in Ice Magic
  2059 | D:3      | Reached XP level 6. HP: 32/32 MP: 10/15
  2563 | D:3      | Learned a level 4 spell: Hailstorm
  2895 | D:4      | Found Xomilyng's Magic Scroll Boutique.
  2917 | D:4      | Bought a scroll of blinking for 105 gold pieces
  2950 | D:4      | Reached skill level 1 in Conjurations
  2950 | D:4      | Reached skill level 1 in Summonings
  2950 | D:4      | Reached skill level 8 in Ice Magic
  2950 | D:4      | Reached XP level 7. HP: 20/36 MP: 11/17
  2955 | D:4      | HP: 6/36 [bullfrog skeleton (4)]
  3351 | D:4      | Reached skill level 2 in Conjurations
  3351 | D:4      | Reached skill level 2 in Summonings
  3353 | D:4      | Reached * piety under Fedhas
  3443 | D:4      | Reached skill level 1 in Invocations
  3492 | D:4      | Found a snail-covered altar of Cheibriados.
  3518 | D:5      | Entered Level 5 of the Dungeon
  3755 | D:4      | Got a crude silver ring
  3761 | D:4      | Identified the ring "Rustrirgh" {rPois rCorr Int-4 Dex+5}
                  | (You found it on level 4 of the Dungeon)
  3790 | D:5      | Reached skill level 2 in Invocations
  3806 | D:5      | Reached XP level 8. HP: 33/41 MP: 18/18
  3817 | D:5      | Learned a level 1 spell: Apportation
  3969 | D:5      | Reached skill level 9 in Ice Magic
  3974 | D:5      | Learned a level 3 spell: Ozocubu's Armour
  4055 | D:5      | Reached skill level 3 in Summonings
  4106 | D:5      | HP: 8/41 [water moccasin skeleton (4)]
  4110 | D:5      | Reached skill level 3 in Conjurations
  4362 | D:5      | Reached skill level 1 in Charms
  4362 | D:5      | Reached skill level 3 in Invocations
  4523 | D:5      | Got a brightly glowing pewter ring
  4525 | D:5      | Identified the ring of Omufrirgh {*Tele +Blink rN+ Dex+2}
                  | (You found it on level 5 of the Dungeon)
  4642 | D:6      | Reached skill level 1 in Bows
  4645 | D:6      | Found Ippengat's Armour Emporium.
  4658 | D:6      | Reached skill level 2 in Charms
  4705 | D:6      | Reached ** piety under Fedhas
  4832 | D:6      | Reached skill level 2 in Bows
  4847 | D:6      | Noticed a two-headed ogre
  4870 | D:6      | Reached skill level 1 in Fighting
  4994 | D:6      | Reached skill level 4 in Invocations
  5026 | D:6      | Found Zeoko's Distillery.
  5034 | D:6      | Bought a potion of curing for 39 gold pieces
  5050 | D:6      | Found a staircase to the Ecumenical Temple.
  5282 | D:6      | Found Muim's Antique Armour Shop.
  5312 | D:6      | Found Poimmusy's Weapon Emporium.
  5347 | D:6      | Killed a two-headed ogre
  5347 | D:6      | Reached skill level 3 in Bows
  5347 | D:6      | Reached skill level 4 in Conjurations
  5347 | D:6      | Reached skill level 3 in Charms
  5347 | D:6      | Reached skill level 4 in Summonings
  5347 | D:6      | Reached skill level 5 in Invocations
  5347 | D:6      | Reached XP level 9. HP: 21/48 MP: 5/19
  5613 | D:6      | Reached skill level 4 in Bows
  5800 | D:7      | Reached skill level 2 in Fighting
  5813 | D:7      | Reached skill level 1 in Translocations
  5816 | D:7      | Noticed Prince Ribbit
  5831 | D:7      | Killed Prince Ribbit
  5831 | D:7      | Reached skill level 3 in Dodging
  5856 | D:7      | Reached skill level 5 in Bows
  5856 | D:7      | Reached skill level 6 in Invocations
  5866 | D:7      | Reached *** piety under Fedhas
  5942 | D:7      | Reached skill level 4 in Dodging
  6061 | D:7      | Found the +5 scythe "Finisher" {speed, eviscerate}
  6094 | D:7      | Reached skill level 6 in Bows
  6210 | D:7      | Reached skill level 3 in Fighting
  6379 | D:7      | Reached XP level 10. HP: 42/56 MP: 20/20
  6577 | D:7      | Reached skill level 7 in Invocations
  6860 | D:7      | Noticed Duvessa
  6860 | D:7      | Noticed Dowan
  6868 | D:7      | Killed Dowan
  6869 | D:7      | Killed Duvessa
  6973 | D:7      | Reached **** piety under Fedhas
  6988 | D:7      | Found an ornate altar of the Wu Jian Council.
  7032 | D:8      | Found Otao's Weapon Emporium.
  7041 | D:8      | Reached skill level 7 in Bows
  7065 | D:8      | Reached skill level 5 in Dodging
  7254 | D:8      | Reached skill level 8 in Invocations
  7634 | D:8      | Noticed a sixfirhy
  7644 | D:8      | Found a runed translucent door.
  7968 | D:8      | Reached skill level 8 in Bows
  8166 | D:9      | Reached skill level 6 in Dodging
  8199 | D:9      | Reached skill level 9 in Invocations
  8490 | D:9      | Found a staircase to the Lair.
  8595 | D:9      | Found a staircase to the Orcish Mines.
  8976 | D:9      | Learned a level 3 spell: Mephitic Cloud
  8985 | D:9      | Reached ***** piety under Fedhas
  9410 | Orc:1    | Entered Level 1 of the Orcish Mines
  9459 | Orc:1    | Reached XP level 11. HP: 60/60 MP: 21/21
  9557 | Orc:1    | Reached skill level 9 in Bows
  9606 | Orc:1    | HP: 13/60 [troll (12)]
  9850 | Orc:1    | Reached skill level 1 in Air Magic
  9892 | Orc:1    | Noticed an orc high priest
  9902 | Orc:1    | Killed an orc high priest
 10093 | Orc:1    | Reached skill level 10 in Invocations
 10178 | Orc:1    | Reached skill level 2 in Air Magic
 10251 | Orc:1    | Noticed an orc sorcerer
 10265 | Orc:1    | Killed an orc sorcerer
 10265 | Orc:1    | Reached skill level 1 in Poison Magic
 10284 | Orc:1    | Found a roughly hewn altar of Beogh.
 11066 | D:6      | Bought a pair of bloodstained boots for 237 gold pieces
 11076 | D:6      | Identified the +1 pair of boots of Inviolability {rC+ MR-
                  | rCorr} (You bought it in a shop on level 6 of the Dungeon)
 11230 | Orc:2    | Entered Level 2 of the Orcish Mines
 11301 | Orc:2    | Found a staircase to the Elven Halls.
 11463 | Orc:2    | Noticed an orc sorcerer
 11467 | Orc:2    | Noticed an orc high priest
 11472 | Orc:2    | Reached skill level 10 in Bows
 11474 | Orc:2    | Noticed a soul eater
 11474 | Orc:2    | Noticed a sixfirhy
 11477 | Orc:2    | Killed an orc sorcerer
 11485 | Orc:2    | HP: 12/60 [sixfirhy[an orc high priest] (10)]
 11873 | Orc:2    | Noticed a soul eater
 11880 | Orc:2    | Killed an orc high priest
 11880 | Orc:2    | Reached skill level 3 in Air Magic
 12157 | Orc:2    | Noticed an orc high priest
 12167 | Orc:2    | Killed an orc high priest
 12176 | Orc:2    | Found Geimnuv's Jewellery Shop.
 12176 | Orc:2    | Found Maff's Book Boutique.
 12177 | Orc:2    | Found Xailuarch's Assorted Antiques.
 12207 | Orc:2    | Found Bagodd's Antique Weapon Shop.
 12235 | Orc:2    | Bought a scroll labeled KEANWOUTEI for 33 gold pieces
 12237 | Orc:2    | Noticed an orc high priest
 12240 | Orc:2    | Killed an orc high priest
 12240 | Orc:2    | Reached skill level 11 in Invocations
 12241 | Orc:2    | Noticed Erolcha
 12256 | Orc:2    | Killed Erolcha
 12286 | Orc:2    | HP: 14/60 [orc priest/divine providence (9)]
 12293 | Orc:2    | Noticed an orc sorcerer
 12295 | Orc:2    | Killed an orc sorcerer
 12295 | Orc:2    | Reached skill level 4 in Air Magic
 12296 | Orc:2    | Noticed an orc high priest
 12296 | Orc:2    | Reached skill level 11 in Bows
 12297 | Orc:2    | HP: 13/60 [orc priest/divine providence (10)]
 12306 | Orc:2    | HP: 3/60 [orc high priest/nerve-wracking pain (14)]
 12307 | Orc:2    | Killed an orc high priest
 12317 | Orc:2    | HP: 13/60 [orc wizard/+0 dagger (3)]
 12336 | Orc:2    | Reached XP level 12. HP: 18/64 MP: 3/22
 13161 | Orc:2    | Found a roughly hewn altar of Beogh.
 14300 | Lair:1   | Entered Level 1 of the Lair of Beasts
 15238 | Lair:1   | Noticed Maggie
 15257 | Lair:1   | Killed Maggie
 15381 | Lair:1   | Reached skill level 6 in Spellcasting
 15381 | Lair:1   | Reached skill level 12 in Invocations
 15391 | Lair:1   | Reached skill level 12 in Bows
 15828 | Lair:2   | Noticed Fannar
 15850 | Lair:2   | Killed Fannar
 16188 | Lair:2   | Reached skill level 7 in Spellcasting
 16190 | Lair:2   | Noticed a six-headed hydra
 16198 | Lair:2   | Killed a six-headed hydra
 16288 | Lair:2   | Noticed a six-headed hydra
 16316 | Lair:2   | Killed a six-headed hydra
 16433 | Lair:2   | Found a staircase to the Swamp.
 16613 | Lair:2   | Found a hole to the Spider Nest.
 16630 | Lair:2   | Reached skill level 8 in Spellcasting
 17071 | Lair:3   | Learned a level 6 spell: Freezing Cloud
 17106 | Lair:3   | Noticed a queen ant
 17123 | Lair:3   | Killed a queen ant
 17123 | Lair:3   | Reached skill level 5 in Air Magic
 17128 | Lair:3   | Reached skill level 5 in Conjurations
 17656 | D:6      | Bought the +4 troll leather armour "Byzoneas" {MR+ Regen+
                  | rCorr Int+4 Dex+6} for 964 gold pieces
 18095 | Lair:3   | Reached XP level 13. HP: 56/68 MP: 27/27
 18374 | Lair:4   | You fall into a shaft and drop 2 floors!
 18374 | Lair:6   | Entered Level 6 of the Lair of Beasts
 18434 | Lair:6   | Reached skill level 3 in Stealth
 18455 | Lair:6   | Reached skill level 6 in Conjurations
 18876 | Lair:6   | Reached skill level 4 in Stealth
 18876 | Lair:6   | Reached skill level 6 in Air Magic
 19017 | Lair:6   | Reached skill level 13 in Invocations
 19023 | Lair:6   | Reached skill level 13 in Bows
 19034 | Lair:6   | Reached ****** piety under Fedhas
 19045 | Lair:6   | Reached skill level 5 in Stealth
 19045 | Lair:6   | Reached skill level 10 in Ice Magic
 19262 | Lair:6   | Found a staircase to the Slime Pits.
 19511 | Lair:6   | Reached skill level 6 in Stealth
 20428 | Lair:4   | Got an ancient executioner's axe
 20429 | Lair:4   | Identified the +8 executioner's axe of Valour {drain,
                  | Dex+5} (You found it on level 4 of the Lair of Beasts)
 20662 | Lair:4   | Found a runed translucent door.
 20663 | Lair:4   | Found a shimmering altar of Xom.
 20663 | Lair:4   | Noticed Cucw's ghost (journeyman VSNe)
 20968 | Lair:4   | Reached skill level 7 in Stealth
 21868 | Lair:5   | Reached XP level 14. HP: 51/74 MP: 20/28
 21871 | Lair:5   | Reached skill level 11 in Ice Magic
 21884 | Lair:5   | Learned a level 2 spell: Blink
 22557 | D:10     | Entered Level 10 of the Dungeon
 22890 | D:10     | Found Lujoiri's Armour Shoppe.
 22965 | D:10     | Noticed Urug
 22977 | D:10     | Killed Urug
 22977 | D:10     | Reached skill level 14 in Bows
 22977 | D:10     | Reached skill level 8 in Stealth
 23692 | D:11     | Found a frozen archway.
 23712 | IceCv    | Entered an ice cave
 23736 | IceCv    | HP: 10/74 [something (37)]
 23828 | IceCv    | Got a distressingly furry robe
 23846 | IceCv    | Identified the +4 robe "Qemnov" {rPois Dex+4} (You found it
                  | in an ice cave)
 23948 | IceCv    | Got a warped golden ring
 23950 | IceCv    | Identified the ring of Perfectionism {*Tele *Contam rF+
                  | rN+++ Dex+4} (You found it in an ice cave)
 24097 | IceCv    | Reached skill level 9 in Spellcasting
 24250 | IceCv    | Reached skill level 9 in Stealth
 24308 | IceCv    | Noticed a frost giant
 24346 | IceCv    | HP: 12/74 [frost giant/bolt of cold (40)]
 24353 | IceCv    | Slain by a frost giant

Levels and vault maps discovered:
D:1:      dpeg_arrival_three_same_balls, layout_loops_ring
D:2:      cheibrodos_helix_gallery, layout_rooms, lemuel_crystal_altar,
          nicolae_qazlal_style_of_elements
D:3:      layout_rooms, first_ration, fedhas_altar_3, uniq_sigmund
D:4:      layout_rooms, nicolae_overflow_hidden_temple, serial_shops, shop,
          guppyfry_early_orc_mine
D:5:      layout_rooms, minivault_23
D:6:      layout_rooms, minmay_temple_entry_proselytizer, serial_shops,
          nicolae_shop_stone, shop, kennysheep_little_box, shop
D:7:      layout_rooms, marbit_many_paths, grunt_livestock, st_stairs_14,
          minmay_guarded_unrand_finisher, uniq_prince_ribbit1, uniq_duvessa
D:8:      cheibrodos_shockbox, layout_basic, serial_shops, shop
D:9:      layout_layer_cave, lair_entry_dummy, orc_0_dummy
D:10:     layout_irregular_city, serial_shops, shop, uniq_urug
D:11:     layout_basic, portal_ice_cave_entry_pillars_1
Lair:1:   layout_cave_pods, infiniplex_staircase_pool_2, uniq_maggie
Lair:2:   layout_loops_ring, palyth_hydra_swamp_entry,
          nicolae_spider_entry_non_spiders, lemuel_fruit_fields,
          serial_bayou_shore_b, uniq_fannar
Lair:3:   layout_chaotic_city, serial_bayou, serial_bayou_shore_a,
          serial_bayou_pond_a, serial_bayou_lake_a, serial_bayou_shore_b,
          minivault_29, serial_bayou_shore_b
Lair:4:   layout_cave_pods, ebering_ghost_xom, nicolae_quartered_pool_medium,
          grunt_megastairs_3, minmay_lair_oklob_chamber, serial_bayou_shore_b,
          serial_bayou_shore_b
Lair:5:   layout_gridlike, serial_bayou_shore_b
Lair:6:   minmay_lair_end_enchanted_forest, layout_regular_city,
          nicolae_slime_entry_slimehenge, kennysheep_abandoned_house,
          lemuel_fruit_tree
Orc:1:    layout_diamond_mine, minmay_orc_temple_c
Orc:2:    st_orc_mages, layout_diamond_mine, minmay_orc_temple_b, uniq_erolcha
IceCv:    ice_cave_caverns_02

Skill      XL: |  1  2  3  4  5  6  7  8  9 10 11 12 13 14 |
---------------+-------------------------------------------+-----
Ice Magic      | 5 6 7 8 9 10 11 | 11.7
Spellcasting   | 4 5 8 9 |  9.6
Conjurations   | 1 2 4 5 6 |  6.0
Summonings     | 1 2 4 |  4.2
Invocations    | 2 5 6 9 11 12 13 | 13.5
Charms         | 3 |  3.7
Bows           | 3 6 8 11 12 13 14 | 14.0
Fighting       | 1 3 |  3.0
Translocations | 1 |  1.0
Dodging        | 4 6 |  6.4
Air Magic      | 4 5 6 |  6.0
Poison Magic   | 1 |  1.0
Stealth        | 7 9 |  9.0

Action                   |  1- 3 |  4- 6 |  7- 9 | 10-12 | 13-15 || total
-------------------------+-------+-------+-------+-------+-------++-------
Melee: Whip              |    11 |       |       |       |       ||    11
       Dagger            |     4 |     8 |       |       |       ||    12
       Scythe            |       |    28 |   122 |   249 |   272 ||   671
 Fire: Shortbow          |       |       |    93 |   609 |   436 ||  1138
 Cast: Freeze            |    44 |    28 |    14 |    16 |    37 ||   139
       Frozen Ramparts   |       |     7 |    38 |    76 |    37 ||   158
       Summon Ice Beast  |       |       |    11 |    37 |    22 ||    70
       Hailstorm         |       |       |     2 |    12 |       ||    14
       Ozocubu's Armour  |       |       |     2 |       |       ||     2
       Mephitic Cloud    |       |       |       |     3 |    29 ||    32
Invok: Wall of Briars    |       |       |     1 |     7 |     7 ||    15
       Grow Ballistomyce |       |       |       |     3 |       ||     3
       Grow Oklob        |       |       |       |     9 |     2 ||    11
       Overgrow          |       |       |       |       |     2 ||     2
Evoke: Wand              |       |       |     3 |    45 |     3 ||    51
  Use: Potion            |     1 |       |     3 |    11 |     7 ||    22
       Scroll            |       |       |     7 |    11 |     9 ||    27
 Stab: Sleeping          |     1 |     5 |     6 |     5 |       ||    17
       Distracted        |       |       |     1 |       |     3 ||     4
       Confused          |       |       |       |     1 |    13 ||    14
  Eat: Chunk             |     1 |     5 |    12 |    34 |    16 ||    68
       Ration            |       |       |     1 |     4 |     2 ||     7
Armor: Robe              |    10 |    11 |    41 |    43 |       ||   105
       Skin              |       |       |    19 |       |       ||    19
       Steam dragon scal |       |       |       |    12 |       ||    12
       Troll leather arm |       |       |       |     5 |   115 ||   120
Dodge: Dodged            |    35 |    57 |   108 |   269 |   329 ||   798

Table legend:
 A = Non-vault XP
 B = Vault XP
 C = Vault XP percentage of total XP
 D = Non-vault monster count
 E = Vault monster count
 F = Vault count percentage of total count
                 A         B        C        D         E       F
            +---------+---------+-------+---------+---------+-------
      Total |   41997 |   37422 |  47.1 |     457 |     287 |  38.6
            +---------+---------+-------+---------+---------+-------
        D:1 |      50 |       0 |   0.0 |      25 |       0 |   0.0
        D:2 |      48 |      15 |  23.8 |      10 |       2 |  16.7
        D:3 |     294 |     223 |  43.1 |      26 |       1 |   3.7
        D:4 |     390 |     214 |  35.4 |      13 |       7 |  35.0
        D:5 |     550 |       0 |   0.0 |      20 |       0 |   0.0
        D:6 |    1575 |      41 |   2.5 |      28 |       1 |   3.4
        D:7 |     712 |    2716 |  79.2 |      30 |      16 |  34.8
        D:8 |    2327 |       0 |   0.0 |      31 |       0 |   0.0
        D:9 |    1920 |       0 |   0.0 |      30 |       0 |   0.0
       D:10 |    3609 |     839 |  18.9 |      35 |       1 |   2.8
       D:11 |     868 |       0 |   0.0 |      10 |       0 |   0.0
     Lair:1 |    3465 |     267 |   7.2 |      20 |       1 |   4.8
     Lair:2 |    1061 |    2516 |  70.3 |      10 |      15 |  60.0
     Lair:3 |    2347 |    4455 |  65.5 |      18 |      42 |  70.0
     Lair:4 |    5971 |     607 |   9.2 |      20 |       3 |  13.0
     Lair:5 |    3953 |       0 |   0.0 |      22 |       0 |   0.0
     Lair:6 |    8974 |    7912 |  46.9 |      36 |      68 |  65.4
      Orc:1 |    1258 |    2532 |  66.8 |      23 |      27 |  54.0
      Orc:2 |    2625 |    6630 |  71.6 |      50 |      56 |  52.8
      IceCv |       0 |    8455 | 100.0 |       0 |      47 | 100.0
            +---------+---------+-------+---------+---------+-------

Levels and vault maps discovered:
D:1:      dpeg_arrival_three_same_balls, layout_loops_ring
D:2:      cheibrodos_helix_gallery, layout_rooms, lemuel_crystal_altar,
          nicolae_qazlal_style_of_elements
D:3:      layout_rooms, first_ration, fedhas_altar_3, uniq_sigmund
D:4:      layout_rooms, nicolae_overflow_hidden_temple, serial_shops, shop,
          guppyfry_early_orc_mine
D:5:      layout_rooms, minivault_23
D:6:      layout_rooms, minmay_temple_entry_proselytizer, serial_shops,
          nicolae_shop_stone, shop, kennysheep_little_box, shop
D:7:      layout_rooms, marbit_many_paths, grunt_livestock, st_stairs_14,
          minmay_guarded_unrand_finisher, uniq_prince_ribbit1, uniq_duvessa
D:8:      cheibrodos_shockbox, layout_basic, serial_shops, shop
D:9:      layout_layer_cave, lair_entry_dummy, orc_0_dummy
D:10:     layout_irregular_city, serial_shops, shop, uniq_urug
D:11:     layout_basic, portal_ice_cave_entry_pillars_1
Lair:1:   layout_cave_pods, infiniplex_staircase_pool_2, uniq_maggie
Lair:2:   layout_loops_ring, palyth_hydra_swamp_entry,
          nicolae_spider_entry_non_spiders, lemuel_fruit_fields,
          serial_bayou_shore_b, uniq_fannar
Lair:3:   layout_chaotic_city, serial_bayou, serial_bayou_shore_a,
          serial_bayou_pond_a, serial_bayou_lake_a, serial_bayou_shore_b,
          minivault_29, serial_bayou_shore_b
Lair:4:   layout_cave_pods, ebering_ghost_xom, nicolae_quartered_pool_medium,
          grunt_megastairs_3, minmay_lair_oklob_chamber, serial_bayou_shore_b,
          serial_bayou_shore_b
Lair:5:   layout_gridlike, serial_bayou_shore_b
Lair:6:   minmay_lair_end_enchanted_forest, layout_regular_city,
          nicolae_slime_entry_slimehenge, kennysheep_abandoned_house,
          lemuel_fruit_tree
Orc:1:    layout_diamond_mine, minmay_orc_temple_c
Orc:2:    st_orc_mages, layout_diamond_mine, minmay_orc_temple_b, uniq_erolcha
IceCv:    ice_cave_caverns_02

Table legend:
 A = Turns spent in this place as a percentage of turns spent in the entire game.
 B = Non-inter-level travel turns spent in this place as a percentage of non-inter-level travel turns spent in the entire game.
 C = Inter-level travel turns spent in this place as a percentage of turns spent in this place.
 D = Turns resting spent in this place as a percentage of non-inter-level travel turns spent in this place.
 E = Turns spent auto-exploring this place as a percentage of non-inter-level travel turns spent in this place.
 F = Non-inter-level travel turns spent in this place divided by the number of levels of this place that you've seen.
                   A       B       C       D       E      F
               +-------+-------+-------+-------+-------+----------------------
         Total | 100.0 | 100.0 |   4.9 |  27.4 |  40.9 | 1157.5
       Dungeon |  45.5 |  44.9 |   6.1 |  32.1 |  41.3 | 945.8
          Lair |  33.2 |  33.5 |   4.0 |  13.0 |  54.3 | 1293.0
  Orcish Mines |  18.7 |  18.8 |   4.4 |  44.4 |  20.2 | 2173.5
      Ice Cave |   2.6 |   2.8 |   0.0 |   8.7 |  13.7 | 641.0
               +-------+-------+-------+-------+-------+----------------------

Table legend:
 A = Kills in this place as a percentage of kills in entire the game.
 B = Kills by you in this place as a percentage of kills by you in the entire game.
 C = Kills by friends in this place as a percentage of kills by friends in the entire game.
 D = Other kills in this place as a percentage of other kills in the entire game.
 E = Experience gained in this place as a percentage of experience gained in the entire game.
 F = Experience gained in this place divided by the number of levels of this place that you have seen.
                   A       B       C       D       E      F
               +-------+-------+-------+-------+-------+----------------------
         Total | 100.0 | 100.0 | 100.0 | 100.0 | 100.0 | 3970.9
       Dungeon |  38.4 |  43.3 |  15.3 |   7.1 |  20.6 | 1490.1
          Lair |  34.3 |  31.5 |  47.7 |  50.0 |  52.3 | 6921.3
  Orcish Mines |  21.0 |  19.2 |  33.3 |   0.0 |  16.4 | 6522.5
      Ice Cave |   6.3 |   6.0 |   3.6 |  42.9 |  10.6 | 8455.0
               +-------+-------+-------+-------+-------+----------------------
